 Dungeon Sprint DCSS version 0.13-a0-2995-g9a84c3d (webtiles) character file.

133 Misa the Basher (level 4, -43/75 HPs)
             Began as an Ogre Berserker on Sept 8, 2013.
             Was an Elder of Trog.
             Annihilated by a hill giant
             ... wielding a +0,+0 giant club
              (44 damage)
             ... in the Dungeon (Sprint IX: "|||||||||||||||||||||||||||||").
             The game lasted 00:01:17 (129 turns).

Misa the Basher (Ogre Berserker)                     Turns: 129, Time: 00:01:17

HP -43/75        AC  6     Str 31      XL: 4   Next: 96%
MP   3/3         EV 10     Int  6      God: Trog [****..]
Gold 20          SH  0     Dex  9      Spells:  0 memorised,  3 levels left

Res.Fire  : . . .   See Invis. : .   a - +0 mace
Res.Cold  : . . .   Warding    : .   b - +0 animal skin
Life Prot.: . . .   Conserve   : .   (shield restricted)
Res.Poison: .       Res.Corr.  : .   (helmet restricted)
Res.Elec. : .       Clarity    : .   n - +0 orc cloak
Sust.Abil.: . .     Spirit.Shd : .   (gloves unavailable)
Res.Mut.  : .       Prev.Telep.: +   (boots unavailable)
Res.Rott. : .       Flight     : .   (no amulet)
Saprovore : + . .                    p - +2 ring of protection
                                     o - +3 ring of strength

@: berserking, very quick, slightly resistant to hostile enchantments, extremely
unstealthy
A: unfitting armour, fast metabolism 1, saprovore 1, tough skin 1
a: Burn Spellbooks, Berserk, Trog's Hand, Brothers in Arms, Renounce Religion


You were in the Dungeon.
You worshipped Trog.
Trog was extremely pleased with you.
You were not hungry.

You visited 1 branch

Inventory:

Hand weapons
 a - a +0,+0 mace (weapon)
 m - a +2,+2 dwarven morningstar of venom
Armour
 b - a +0 animal skin (worn)
 n - a +0 orcish cloak (worn)
Magical devices
 l - a wand of draining (7)
Comestibles
 c - 2 meat rations
Scrolls
 i - 2 scrolls of blinking
 k - 3 scrolls of remove curse
Jewellery
 o - a +3 ring of strength (left hand)
 p - a +2 ring of protection (right hand)
Potions
 d - 5 potions of curing
 e - 3 potions of heal wounds
 f - a potion of speed
 g - 4 potions of magic
 h - a potion of berserk rage
 j - a potion of invisibility


   Skills:
 + Level 9.4 Fighting
 + Level 9.5 Maces & Flails
 - Level 2.9 Dodging


You had 3 spell levels left.
You didn't know any spells.

Dungeon Overview and Level Annotations

Branches:
Dungeon (1/1)

Altars:
Ashenzari
Cheibriados
Elyvilon
Fedhas
Kikubaaqudgha
Makhleb
Nemelex Xobeh
Okawaru
Sif Muna
Trog
Vehumet
Xom
Yredelemnul
Zin
the Shining One


Innate Abilities, Weirdness & Mutations

You are too large for most types of armour.
You have a fast metabolism.
You can tolerate rotten meat.
You have tough skin (AC +1).


Message History

Your Maces & Flails skill increases to level 9!
The crimson imp hits you.
You sock the hill giant!
The hill giant is moderately wounded.
The hill giant hits you with a giant club!
* * * LOW HITPOINT WARNING * * *
The crimson imp barely misses you.
You thump the hill giant!
The hill giant is heavily wounded.
The crimson imp barely misses you. The hill giant closely misses you.
Use which ability? (? or * to list)
A red film seems to cover your vision as you go berserk!
You feel yourself moving faster!
You feel mighty!
You feel somewhat more hungry.
The crimson imp hits you but does no damage.
You hit the hill giant.
The hill giant is heavily wounded.
The hill giant hits you with a giant club!
Ouch! That really hurt!
You die... ####################### _____'.?()[.[..5@C....+ #######################

You could see a hill giant and a crimson imp.

Vanquished Creatures
  A giant frog (D)
  An iguana (D)
  An orc (D)
  A bat (D)
  3 goblins (D)
  2 kobolds (D)
  A giant cockroach zombie (D)
  A hobgoblin skeleton (D)
  A hobgoblin zombie (D)
  A jackal (D)
  A rat (D)
14 creatures vanquished.

Notes
Turn   | Place    | Note
--------------------------------------------------------------
     0 | D        | Misa, the Ogre Berserker, began the quest for the Orb.
     0 | D        | Reached XP level 1. HP: 23/23 MP: 0/0
    14 | D        | Acquired Trog's second power
    16 | D        | Reached skill level 5 in Fighting
    16 | D        | Reached skill level 5 in Maces & Flails
    29 | D        | Reached XP level 2. HP: 26/32 MP: 1/1
    40 | D        | Acquired Trog's third power
    50 | D        | Found a sparkling altar of Nemelex Xobeh.
    50 | D        | Found a basalt altar of Yredelemnul.
    50 | D        | Found a shimmering altar of Xom.
    50 | D        | Found a glowing golden altar of the Shining One.
    50 | D        | Found a burning altar of Makhleb.
    50 | D        | Found a shattered altar of Ashenzari.
    50 | D        | Found an ancient bone altar of Kikubaaqudgha.
    51 | D        | Found a bloodstained altar of Trog.
    52 | D        | Found a radiant altar of Vehumet.
    53 | D        | Found an iron altar of Okawaru.
    54 | D        | Found a white marble altar of Elyvilon.
    55 | D        | Found a deep blue altar of Sif Muna.
    56 | D        | Found a glowing silver altar of Zin.
    57 | D        | Found a snail-covered altar of Cheibriados.
    58 | D        | Found a blossoming altar of Fedhas.
    59 | D        | Found a radiant altar of Vehumet.
    60 | D        | Found an iron altar of Okawaru.
   106 | D        | Noticed a giant frog
   106 | D        | Noticed a crimson imp
   106 | D        | Noticed an iguana
   106 | D        | Noticed a hill giant
   114 | D        | Killed a giant frog
   114 | D        | Reached skill level 8 in Fighting
   114 | D        | Reached XP level 3. HP: 31/41 MP: 2/2
   114 | D        | Reached XP level 4. HP: 37/50 MP: 3/3
   125 | D        | Killed an iguana
   125 | D        | Reached skill level 9 in Fighting
   126 | D        | HP: 1/50 [hill giant/giant club (18)]
   129 | D        | Annihilated by a hill giant

Action                   |  1- 3 |  4- 6 || total
-------------------------+-------+-------++-------
Melee: Mace              |    31 |    13 ||    44
Invok: Trog's Hand       |     1 |       ||     1
       Berserk           |       |     1 ||     1
